 Dungeon Crawl Stone Soup version 0.21-a0-630-g344d351 (webtiles) character file.

126 Firecrotchwizard the Chiller (level 5, -2/35 HPs)
             Began as a Merfolk Ice Elementalist on Dec 25, 2017.
             Slain by Menkaure (18 damage)
             ... on level 4 of the Dungeon.
             The game lasted 00:07:33 (3561 turns).

Firecrotchwizard the Chiller (MfIE)                 Turns: 3561, Time: 00:07:33

Health: -2/35      AC:  5    Str:  8    XL:     5   Next: 9%
Magic:  6/9        EV: 10    Int: 15    God:
Gold:   222        SH:  0    Dex: 15    Spells: 5/9 levels left

rFire    . . .     SeeInvis .   j - +0 spear
rCold    + . .     Gourm    .   (no shield)
rNeg     . . .     Faith    .   k - +0 ring mail
rPois    .         Spirit   .   (no helmet)
rElec    .         Reflect  .   (no cloak)
rCorr    .         Harm     .   (no gloves)
MR       .....                  (no boots)
Stlth    +.........             (no amulet)
HPRegen  0.11/turn              o - ring of protection from cold {rC+, !d}
MPRegen  0.11/turn              (no ring)

@: heavily drained
A: change form in water, swift swim, stealthy swim
a: no special abilities


You were on level 4 of the Dungeon.
You were not hungry.

You visited 1 branch of the dungeon, and saw 4 of its levels.

You collected 222 gold pieces.

Inventory:

Hand Weapons
 j - a +0 spear (weapon)
   (You found it on level 1 of the Dungeon)
 q - a +0 vampiric dagger {!w}
   (You took it off a goblin on level 3 of the Dungeon)
Armour
 a - a +0 robe
 k - a +0 ring mail (worn)
   (You found it on level 2 of the Dungeon)
Magical Staves
 s - an uncursed staff of cold {rC+}
   (You found it on level 3 of the Dungeon)
Jewellery
 o - a ring of protection from cold (left hand) {rC+, !d}
   (You found it on level 3 of the Dungeon)
Scrolls
 d - 3 scrolls of identify
 g - a scroll of noise {unknown}
 h - 6 scrolls of remove curse {unknown}
 i - a scroll of fog {unknown}
 u - a scroll of random uselessness {unknown}
Potions
 e - 4 potions of curing {unknown}
 f - 2 potions of lignification {unknown}
 l - a potion of degeneration {unknown}
 m - a potion of magic {unknown}
 n - a potion of agility {unknown}
 p - 3 potions of resistance {unknown}
 r - a potion of brilliance {unknown}
Books
 b - a book of Frost
 t - a book of Minor Magic
   (You found it on level 3 of the Dungeon)
Comestibles
 c - 10 rations {@e1}


   Skills:
 * Level 3.8(2.2) Polearms
 - Level 2.6(1.1) Dodging
 - Level 2.1(0.6) Stealth
 + Level 2.9(1.4) Spellcasting
   Level 0.7(0.0) Conjurations
 + Level 0.0 Charms
 + Level 4.5(2.9) Ice Magic


You had 5 spell levels left.
You knew the following spells:

 Your Spells              Type           Power        Failure   Level  Hunger
a - Freeze                Ice            #...         22%         1    ##.....
A - Ozocubu's Armour      Chrm/Ice       #.......     77%         3    ####...


Dungeon Overview and Level Annotations

Branches:
Dungeon (4/15)
 Temple: D:4-7

Altars:
Cheibriados
Hepliaklqana
Sif Muna
The Shining One

Annotations:
D:2 Sigmund
D:3 1 runed door, exclusion: Terence
D:4 Menkaure


Message History

You barely miss the goblin. The goblin hits you but does no damage.
You hit the goblin.
You kill the goblin!
No target in view!
You see here a club.
Found a stone staircase leading down.
No target in view!
A bat comes into view.
The bat hits you but does no damage.
Attack whom?
Aim: a bat You reach to attack!
You barely miss the bat. The bat closely misses you.
You closely miss the bat. The bat hits you but does no damage.
You hit the bat.
You kill the bat!
No target in view!
You butcher the bat corpse.
q - a chunk of flesh {@w0}
Found a hazy altar of Hepliaklqana.
No target in view!
No target in view!
u - a scroll labeled NIAMPI EBEEH
There is a hazy altar of Hepliaklqana here.
You now have 222 gold pieces (gained 19).
There is a hazy altar of Hepliaklqana here.
f - 2 fuming sapphire potions (gained 1)
p - 3 white potions (gained 2)
Your legs become a tail as you enter the water.
Your legs become a tail as you enter the water.
Things that are here:
a club; a leather armour
Things that are here:
a club; a leather armour A goblin comes into view.
It is wielding a vampiric dagger.
A goblin is nearby!
The goblin shouts!
Attack whom?
Aim: a goblin, wielding a vampiric dagger You reach to attack!
You hit the goblin. You closely miss the goblin. You hit the goblin.
The goblin hits you but does no damage.
You hit the goblin but do no damage. The goblin closely misses you.
You hit the goblin but do no damage. The goblin closely misses you.
You hit the goblin.
You kill the goblin!
No target in view!
Eating a chunk of flesh {@w0}.
You eat the chunk of flesh {@w0}.
q - a vampiric dagger {!w} You see here a kobold skeleton.
You see here a leather armour.
You see here a club.
Partly explored, unopened runed door.
(D) Dungeon
Where to? (Enter - D:2, ? - help)
There is a stone staircase leading down here.
You climb downwards.
There is a stone staircase leading up here.
A leopard gecko comes into view.
Attack whom?
Aim: a leopard gecko (clinging)
You reach to attack!
You hit the leopard gecko. You closely miss the leopard gecko.
The leopard gecko bites you. The leopard gecko barely misses you.
You take 1 damage, and have 34/35 hp.
You barely miss the leopard gecko.
The leopard gecko bites you but does no damage.
You miss the leopard gecko. The leopard gecko closely misses you.
Health restored: 35 You hit the leopard gecko but do no damage.
The leopard gecko bites you but does no damage.
You hit the leopard gecko.
You kill the leopard gecko!
No target in view!
Found an escape hatch in the floor.
You see here a leopard gecko corpse.
You butcher the leopard gecko corpse.
v - a chunk of flesh {@w0} You see here a leopard gecko skeleton. x2
You see here a leopard gecko skeleton.
Menkaure, Prince of Dust comes into view.
You are feeling hungry.
Menkaure shouts!
You hear a shout!
There is a stone staircase leading up here.
You start waiting.
Eating a chunk of flesh {@w0}.
You eat the chunk of flesh {@w0}.
Menkaure casts a spell at you. Pain shoots through your body!
You take 4 damage, and have 31/35 hp.
Aim: Menkaure You freeze Menkaure.
Menkaure completely resists.
You now have 8/9 mp.
Aim: Menkaure You freeze Menkaure.
Menkaure resists.
Menkaure hits you!
You take 16 damage, and have 16/35 hp.
MASSIVE DAMAGE!!
You now have 7/9 mp.
Aim: Menkaure (lightly damaged)
You freeze Menkaure.
Menkaure resists.
Menkaure hits you!!
Ouch! That really hurt!
You die...

#.# . #.#.# ####### #.#.#
#.....######.#.#### #.#
######.###............>.
..## #......#
#####.รท....##### ...
##############.##........
..## ........M#.........
...M
########@#.##########..##
#.#.# ##.......
#.#.######......#
#...........##.##
#.#.#######.# .# #.#.#
#.# .# #.#.# #.# .# #....
... .. #.... ..# ##


You could see Menkaure.

Vanquished Creatures
  Terence (D:3)
  4 adders
  An ooze (D:3)
  A dart slug (D:1)
  A leopard gecko (D:4)
  5 orcs (D:3)
  4 giant cockroaches
  5 hobgoblins
  A quokka (D:3)
  2 ball pythons
  2 bats
  A frilled lizard (D:2)
  10 goblins
  7 kobolds
  7 rats
52 creatures vanquished.

Notes
Turn   | Place    | Note
-------+----------+-------------------------------------------
     0 | D:1      | Firecrotchwizard the Merfolk Ice Elementalist began the quest for the Orb.
     0 | D:1      | Reached XP level 1. HP: 13/13 MP: 3/3
   633 | D:1      | Reached XP level 2. HP: 19/19 MP: 3/5
  1275 | D:2      | Reached skill level 1 in Polearms
  1275 | D:2      | Reached skill level 4 in Ice Magic
  1275 | D:2      | Reached XP level 3. HP: 22/24 MP: 3/6
  1342 | D:2      | Found a deep blue altar of Sif Muna.
  1522 | D:2      | Reached skill level 2 in Polearms
  1741 | D:2      | Found a glowing golden altar of the Shining One.
  1815 | D:2      | Noticed Sigmund
  1831 | D:3      | Found a snail-covered altar of Cheibriados.
  1952 | D:3      | Reached XP level 4. HP: 22/30 MP: 0/7
  2188 | D:3      | Noticed Terence
  2273 | D:3      | Killed Terence
  2273 | D:3      | Reached skill level 3 in Polearms
  2606 | D:3      | Reached XP level 5. HP: 16/35 MP: 2/9
  2845 | D:3      | Learned a level 3 spell: Ozocubu's Armour
  2938 | D:3      | Found a hazy altar of Hepliaklqana.
  3214 | D:3      | Found a runed door.
  3474 | D:4      | Noticed Menkaure
  3561 | D:4      | Slain by Menkaure

Vault maps used:
D:1:      minmay_arrival_jagged
D:2:      kennysheep_big_flooded_room, old_standard_altar, lemuel_crystal_altar,
          first_ration, lemuel_flame_loot_1, uniq_sigmund
D:3:      nicolae_overflow_crystal_walls, overflow_temple_1_default, hex_tiny,
          minmay_misc_feat_diagonals, chequers_big_river,
          hangedman_decor_clover_reticule, minmay_misc_feat_rows, uniq_terence,
          uniq_crazy_yiuf_cottage
D:4:      serial_shops, shop, nicolae_underground_beach, uniq_pikel,
          uniq_menkaure, uniq_duvessa, uniq_natasha

Skill      XL: |  1  2  3  4 |
---------------+-------------+-----
Polearms       | 1 2 3 |  3.8
Ice Magic      | 4 |  4.5
Dodging        | |  2.6
Stealth        | |  2.1
Spellcasting   | |  2.9
Conjurations   | |  0.7

Action                   |  1- 3 |  4- 6 || total
-------------------------+-------+-------++-------
Melee: Unarmed           |    29 |       ||    29
       Spear             |    73 |    92 ||   165
       Tailslap          |       |     1 ||     1
 Cast: Freeze            |    26 |    20 ||    46
  Use: Scroll            |     1 |       ||     1
 Stab: Sleeping          |     2 |       ||     2
       Distracted        |     1 |       ||     1
  Eat: Ration            |     1 |       ||     1
       Chunk             |       |     6 ||     6
Armor: Robe              |     6 |       ||     6
       Ring mail         |    35 |    25 ||    60
Dodge: Dodged            |    55 |    18 ||    73

Table legend:
 A = Spawn XP
 B = Non-spawn XP
 C = Spawn XP percentage of total XP
 D = Spawn monster count
 E = Non-spawn monster count
 F = Spawn count percentage of total count
 G = Total turns spent on level
                    A         B        C        D         E        F      G
               +---------+---------+-------+---------+---------+-------+---------
         Total |       0 |     180 |   0.0 |       0 |      52 |   0.0 |  3561
               +---------+---------+-------+---------+---------+-------+---------
           D:1 |       0 |      21 |   0.0 |       0 |      12 |   0.0 |  1234
           D:2 |       0 |      47 |   0.0 |       0 |      16 |   0.0 |   597
           D:3 |       0 |     109 |   0.0 |       0 |      23 |   0.0 |  1592
           D:4 |       0 |       3 |   0.0 |       0 |       1 |   0.0 |   138
               +---------+---------+-------+---------+---------+-------+---------

Vault maps used:
D:1:      minmay_arrival_jagged
D:2:      kennysheep_big_flooded_room, old_standard_altar, lemuel_crystal_altar,
          first_ration, lemuel_flame_loot_1, uniq_sigmund
D:3:      nicolae_overflow_crystal_walls, overflow_temple_1_default, hex_tiny,
          minmay_misc_feat_diagonals, chequers_big_river,
          hangedman_decor_clover_reticule, minmay_misc_feat_rows, uniq_terence,
          uniq_crazy_yiuf_cottage
D:4:      serial_shops, shop, nicolae_underground_beach, uniq_pikel,
          uniq_menkaure, uniq_duvessa, uniq_natasha

Table legend:
 A = Turns spent in this place as a percentage of turns spent in the entire game.
 B = Non-inter-level travel turns spent in this place as a percentage of non-inter-level travel turns spent in the entire game.
 C = Inter-level travel turns spent in this place as a percentage of turns spent in this place.
 D = Turns resting spent in this place as a percentage of non-inter-level travel turns spent in this place.
 E = Turns spent auto-exploring this place as a percentage of non-inter-level travel turns spent in this place.
 F = Non-inter-level travel turns spent in this place divided by the number of levels of this place that you've seen.
                   A       B       C       D       E      F
               +-------+-------+-------+-------+-------+----------------------
         Total | 100.0 | 100.0 |   4.4 |  34.8 |  48.9 | 850.8
       Dungeon | 100.0 | 100.0 |   4.4 |  34.8 |  48.9 | 850.8
               +-------+-------+-------+-------+-------+----------------------

Table legend:
 A = Kills in this place as a percentage of kills in entire the game.
 B = Kills by you in this place as a percentage of kills by you in the entire game.
 C = Kills by friends in this place as a percentage of kills by friends in the entire game.
 D = Other kills in this place as a percentage of other kills in the entire game.
 E = Experience gained in this place as a percentage of experience gained in the entire game.
 F = Experience gained in this place divided by the number of levels of this place that you have seen.
                   A       B       C       D       E      F
               +-------+-------+-------+-------+-------+----------------------
         Total | 100.0 | 100.0 |   N/A |   N/A | 100.0 |  45.0
       Dungeon | 100.0 | 100.0 |   N/A |   N/A | 100.0 |  45.0
               +-------+-------+-------+-------+-------+----------------------
